SKY
LAS VEGAS KNIGHTS @ KANSAS CITY ROYALS
05/11/2052
 
TOP OF THE 1ST
Las Vegas Knights batting - Pitching for Kansas City Royals : LHP Kenneth Greca
Pitching: LHP Kenneth Greca
Batting: RHB Jonathan Madriz 0-0: Ball
1-0: Swinging Strike
1-1: Called Strike
1-2: Ball
2-2: Ball
3-2: Base on Balls
Batting: RHB Tyler Sexton 0-0: Foul Ball, location: 3FF
0-1: Ball
1-1: Ball
2-1: Called Strike
2-2: SINGLE (Groundball, 34D, EV 106.9 MPH)
Jonathan Madriz to second
Runner from 2nd tries for 3rd, SAFE, no throw by RF
Batting: RHB Sam Graham 0-0: Foul Ball, location: 5SF
0-1: Foul Ball, location: 2F
0-2: Foul Ball, location: 2F
0-2: Ball
1-2: Ball
2-2: Ball
3-2: Foul Ball, location: 5F
3-2: Foul Ball, location: 9LMF
3-2: Strikes out swinging
Batting: SHB Craig Boisselle 0-0: Ball
1-0: Ball
2-0: SINGLE (Line Drive, 7S, EV 100.0 MPH)
Jonathan Madriz scores
Tyler Sexton to second
Batting: RHB Jackson Dziedzic 0-0: Ball
1-0: Called Strike
1-1: Foul Ball, location: 23F
1-2: Strikes out swinging
Batting: RHB Lorenzo Canales 0-0: Ball
1-0: Foul Ball, location: 2F
1-1: Foul Ball, location: 9LDF
1-2: Ball
2-2: Ball
3-2: Base on Balls
Tyler Sexton to third
Craig Boisselle to second
Batting: RHB Wayne Dykes 0-0: Swinging Strike
0-1: Foul Ball, location: 2F
0-2: Foul Ball, location: 9LSF
0-2: Strikes out swinging
Top of the 1st over - 1 run, 2 hits, 0 errors, 3 left on base; Las Vegas 1 - Kansas City 0
BOTTOM OF THE 1ST
Kansas City Royals batting - Pitching for Las Vegas Knights : RHP Jonathan Woodberry
Pitching: RHP Jonathan Woodberry
Batting: RHB Cooper Wright 0-0: Called Strike
0-1: Swinging Strike
0-2: Strikes out swinging
Batting: RHB Aimar García 0-0: Foul Ball, location: 2RF
0-1: Ball
1-1: Ball
2-1: Foul Ball, location: 3F
2-2: Strikes out swinging
Batting: LHB Tommy Hill 0-0: Ball
1-0: Called Strike
1-1: Ball
2-1: Foul Ball, location: 2F
2-2: Strikes out swinging
Bottom of the 1st over - 0 runs, 0 hits, 0 errors, 0 left on base; Las Vegas 1 - Kansas City 0
TOP OF THE 2ND
Las Vegas Knights batting - Pitching for Kansas City Royals : LHP Kenneth Greca
Batting: SHB Patrick Alvarez 0-0: Called Strike
0-1: Swinging Strike
0-2: Strikes out swinging, 2-3 out at first.
Batting: RHB Asok Abhijata 0-0: Called Strike
0-1: Ball
1-1: Swinging Strike
1-2: Ball
2-2: Ball
3-2: Strikes out swinging
Batting: RHB Jonathan Madriz 0-0: Swinging Strike
0-1: Ball
1-1: Ball
2-1: Foul Ball, location: 9LMF
2-2: Ball
3-2: Fly out, F7 (Flyball, 78D, EV 87.5 MPH)
Top of the 2nd over - 0 runs, 0 hits, 0 errors, 0 left on base; Las Vegas 1 - Kansas City 0
BOTTOM OF THE 2ND
Kansas City Royals batting - Pitching for Las Vegas Knights : RHP Jonathan Woodberry
Batting: SHB Walter Steffen 0-0: Ball
1-0: Foul Ball, location: 2F
1-1: Swinging Strike
1-2: Ball
2-2: Strikes out swinging
Batting: LHB Walter Prater 0-0: Ball
1-0: Foul Ball, location: 7LSF
1-1: Swinging Strike
1-2: Strikes out swinging
Batting: SHB Roberto Esquivel 0-0: Ball
1-0: Ball
2-0: Ball
3-0: Base on Balls
Batting: LHB Britt Lane 0-0: Foul Ball, location: 3SF
0-1: Ball
1-1: Foul Ball, location: 3F
1-2: Strikes out looking
Bottom of the 2nd over - 0 runs, 0 hits, 0 errors, 1 left on base; Las Vegas 1 - Kansas City 0
TOP OF THE 3RD
Las Vegas Knights batting - Pitching for Kansas City Royals : LHP Kenneth Greca
Batting: RHB Tyler Sexton 0-0: Ball
1-0: SINGLE (Line Drive, 9LS, EV 110.6 MPH)
Batting: RHB Sam Graham 0-0: Swinging Strike
0-1: Ball
1-1: Ball
2-1: Called Strike
2-2: Strikes out swinging
Batting: SHB Craig Boisselle 0-0: Ball
1-0: Fielders Choice at 2nd, 1-6 (Groundball, 13S, EV 66.9 MPH)
Batting: RHB Jackson Dziedzic 0-0: Ball
1-0: Fielders Choice at 2nd, 6-4 (Groundball, 6, EV 85.0 MPH)
Top of the 3rd over - 0 runs, 1 hit, 0 errors, 1 left on base; Las Vegas 1 - Kansas City 0
BOTTOM OF THE 3RD
Kansas City Royals batting - Pitching for Las Vegas Knights : RHP Jonathan Woodberry
Batting: RHB Braiden Bonner 0-0: Called Strike
0-1: Ball
1-1: Ball
2-1: Called Strike
2-2: Ball
3-2: Fly out, F7 (Flyball, 7, EV 86.3 MPH)
Batting: LHB Rudy Phillips 0-0: Ball
1-0: Swinging Strike
1-1: Fly out, F8 (Flyball, 8RS, EV 86.9 MPH)
Batting: RHB Cooper Wright 0-0: Ball
1-0: Ball
2-0: Foul Ball, location: 2F
2-1: SINGLE (Line Drive, 5D, EV 103.8 MPH)
Batting: RHB Aimar García 0-0: Hit by Pitch
Cooper Wright to second
Pinch Runner at 1st Anastacio Bamba:
Batting: LHB Tommy Hill 0-0: Ball
1-0: Foul Ball, location: 2F
1-1: Called Strike
1-2: SINGLE (Groundball, 6MD, EV 100.6 MPH)
Cooper Wright to third
Anastacio Bamba to second
Runner from 3rd tries for Home, SAFE, throw by CF to home
Batting: SHB Walter Steffen 0-0: DOUBLE (Line Drive, 7LM, EV 107.5 MPH)
Anastacio Bamba scores
Tommy Hill to third
Batting: LHB Walter Prater 0-0: Foul Ball, location: 5FF
0-1: Ball
1-1: Ball
2-1: Foul Ball, location: 2F
2-2: 3-RUN HOME RUN (Flyball, 9D, EV 100.6 MPH), Distance : 369 ft
Pitching: RHP A.J. Bizjak
Batting: SHB Roberto Esquivel 0-0: Fly out, F7 (Flyball, 78S, EV 93.1 MPH)
Bottom of the 3rd over - 5 runs, 4 hits, 0 errors, 0 left on base; Las Vegas 1 - Kansas City 5
TOP OF THE 4TH
Las Vegas Knights batting - Pitching for Kansas City Royals : LHP Kenneth Greca
Now at 2B: Anastacio Bamba
Now at SS: Roberto Esquivel
Batting: RHB Lorenzo Canales 0-0: Swinging Strike
0-1: Swinging Strike
0-2: Ball
1-2: Foul Ball, location: 3F
1-2: Strikes out swinging
Batting: RHB Wayne Dykes 0-0: Called Strike
0-1: Ground out 4-3 (Groundball, 4, EV 96.9 MPH)
Batting: SHB Patrick Alvarez 0-0: Called Strike
0-1: Ball
1-1: Called Strike
1-2: Hit by Pitch
Batting: RHB Asok Abhijata 0-0: Ball
1-0: Ball
2-0: Foul Ball, location: 2F
2-1: Called Strike
2-2: Strikes out swinging
Top of the 4th over - 0 runs, 0 hits, 0 errors, 1 left on base; Las Vegas 1 - Kansas City 5
BOTTOM OF THE 4TH
Kansas City Royals batting - Pitching for Las Vegas Knights : RHP A.J. Bizjak
Batting: LHB Britt Lane 0-0: Called Strike
0-1: Foul Ball, location: 9LSFF
0-2: Ball
1-2: Foul Ball, location: 5F
1-2: Fly out, F9 (Line Drive, 9D, EV 92.5 MPH)
Batting: RHB Braiden Bonner 0-0: Ball
1-0: DOUBLE (Line Drive, 9LM, EV 110.6 MPH)
Batting: LHB Rudy Phillips 0-0: Called Strike
0-1: Foul Ball, location: 23F
0-2: Ball
1-2: Foul Ball, location: 9LMF
1-2: Ball
2-2: Ball
3-2: SINGLE (Line Drive, 78M, EV 100.6 MPH)
Braiden Bonner to third
Batting: RHB Cooper Wright 0-0: Ball
1-0: Ball
2-0: Foul Ball, location: 2F
2-1: Ball
3-1: Swinging Strike
3-2: Foul Ball, location: 2F
3-2: Ground out 6-3 (Groundball, 6MS, EV 74.4 MPH)
Braiden Bonner scores
Rudy Phillips to second
Batting: RHB Anastacio Bamba 0-0: Called Strike
0-1: Called Strike
0-2: Ball
1-2: Foul Ball, location: 9LSF
1-2: Foul Ball, location: 9LMF
1-2: Ground out 6-3 (Groundball, 56, EV 98.1 MPH)
Bottom of the 4th over - 1 run, 2 hits, 0 errors, 1 left on base; Las Vegas 1 - Kansas City 6
TOP OF THE 5TH
Las Vegas Knights batting - Pitching for Kansas City Royals : LHP Kenneth Greca
Batting: RHB Jonathan Madriz 0-0: Ball
1-0: Ball
2-0: Foul Ball, location: 9LMF
2-1: Ball
3-1: SINGLE (Line Drive, 89S, EV 91.3 MPH)
Batting: RHB Tyler Sexton 0-0: Foul Ball, location: 2F
0-1: Ball
1-1: Ball
2-1: Ball
3-1: Foul Ball, location: 2F
3-2: Foul Ball, location: 2F
3-2: Foul Ball, location: 2F
3-2: DOUBLE (Line Drive, 89M, EV 108.1 MPH)
Jonathan Madriz to third
Batting: RHB Sam Graham 0-0: Ball
1-0: Ball
2-0: Swinging Strike
2-1: Foul Ball, location: 9LSFF
2-2: Strikes out swinging
Batting: SHB Craig Boisselle 0-0: Fly out, F8 (Flyball, 78D, EV 103.8 MPH)
Runner from 3rd tags up, SCORES, throw by CF
Tyler Sexton to third
Batting: RHB Jackson Dziedzic 0-0: Called Strike
0-1: Swinging Strike
0-2: Fly out, F9 (Flyball, 89S, EV 86.9 MPH)
Top of the 5th over - 1 run, 2 hits, 0 errors, 1 left on base; Las Vegas 2 - Kansas City 6
BOTTOM OF THE 5TH
Kansas City Royals batting - Pitching for Las Vegas Knights : RHP A.J. Bizjak
Batting: LHB Tommy Hill 0-0: SINGLE (Groundball, 6MD, EV 95.6 MPH)
Batting: SHB Walter Steffen 0-0: Called Strike
0-1: 2-RUN HOME RUN (Flyball, 7D, EV 105.6 MPH), Distance : 390 ft
Pitching: LHP Elijah Leisch
Batting: LHB Walter Prater 0-0: Called Strike
0-1: Ball
1-1: Called Strike
1-2: Ball
2-2: Strikes out swinging
Batting: SHB Roberto Esquivel 0-0: Ball
1-0: Called Strike
1-1: Ground out 5-3 (Groundball, 5, EV 85.0 MPH)
Batting: LHB Britt Lane 0-0: Ball
1-0: Foul Ball, location: 23F
1-1: Foul Ball, location: 2F
1-2: Ball
2-2: Ball
3-2: Ground out U3 (Groundball, 34S, EV 72.5 MPH)
Bottom of the 5th over - 2 runs, 2 hits, 0 errors, 0 left on base; Las Vegas 2 - Kansas City 8
TOP OF THE 6TH
Las Vegas Knights batting - Pitching for Kansas City Royals : LHP Kenneth Greca
Batting: RHB Lorenzo Canales 0-0: Ball
1-0: Swinging Strike
1-1: Swinging Strike
1-2: Strikes out swinging
Pitching: RHP Tom Sulek
Batting: RHB Wayne Dykes 0-0: Ball
1-0: Ball
2-0: Swinging Strike
2-1: Ground out 6-3 (Groundball, 6, EV 104.4 MPH)
Batting: SHB Patrick Alvarez 0-0: Ball
1-0: Foul Ball, location: 2F
1-1: Ball
2-1: Foul Ball, location: 2F
2-2: Strikes out looking
Top of the 6th over - 0 runs, 0 hits, 0 errors, 0 left on base; Las Vegas 2 - Kansas City 8
BOTTOM OF THE 6TH
Kansas City Royals batting - Pitching for Las Vegas Knights : LHP Elijah Leisch
Batting: RHB Braiden Bonner 0-0: Ball
1-0: Swinging Strike
1-1: Foul Ball, location: 2F
1-2: Ball
2-2: Foul Ball, location: 2F
2-2: Ball
3-2: Base on Balls
Batting: LHB Rudy Phillips 0-0: Fielders Choice at 2nd, 4-6 (Groundball, 4, EV 86.9 MPH)
Batting: RHB Cooper Wright 0-0: Foul Ball, location: 25F
0-1: Ball
1-1: Ball
2-1: Foul Ball, location: 23F
2-2: Foul Ball, location: 2F
2-2: Fly out, F7 (Line Drive, 7, EV 99.4 MPH)
Batting: RHB Anastacio Bamba 0-0: Called Strike
0-1: Ball
1-1: Foul Ball, location: 2F
1-2: Fly out, F8 (Flyball, 8LXD, EV 91.9 MPH)
Bottom of the 6th over - 0 runs, 0 hits, 0 errors, 1 left on base; Las Vegas 2 - Kansas City 8
TOP OF THE 7TH
Las Vegas Knights batting - Pitching for Kansas City Royals : RHP Tom Sulek
Batting: RHB Asok Abhijata 0-0: Called Strike
0-1: Called Strike
0-2: Strikes out swinging
Batting: RHB Jonathan Madriz 0-0: Ball
1-0: Ball
2-0: Called Strike
2-1: Ball
3-1: Fly out, F7 (Flyball, 7S, EV 95.0 MPH)
Batting: RHB Tyler Sexton 0-0: Swinging Strike
0-1: Ball
1-1: Ball
2-1: Foul Ball, location: 5F
2-2: Strikes out swinging
Top of the 7th over - 0 runs, 0 hits, 0 errors, 0 left on base; Las Vegas 2 - Kansas City 8
BOTTOM OF THE 7TH
Kansas City Royals batting - Pitching for Las Vegas Knights : LHP Elijah Leisch
Batting: LHB Tommy Hill 0-0: Called Strike
0-1: Ball
1-1: Ball
2-1: Ball
3-1: Foul Ball, location: 7LSF
3-2: Ground out 5-3 (Groundball, 5, EV 104.4 MPH)
Batting: SHB Walter Steffen 0-0: Called Strike
0-1: Called Strike
0-2: Ball
1-2: Fly out, F5 (Popup, 5F, EV 64.4 MPH)
Batting: LHB Walter Prater 0-0: Ball
1-0: Ground out 6-3 (Groundball, 4, EV 86.9 MPH)
Bottom of the 7th over - 0 runs, 0 hits, 0 errors, 0 left on base; Las Vegas 2 - Kansas City 8
TOP OF THE 8TH
Las Vegas Knights batting - Pitching for Kansas City Royals : RHP Tom Sulek
Batting: RHB Sam Graham 0-0: Ball
1-0: Foul Ball, location: 2F
1-1: Foul Ball, location: 9LSF
1-2: Foul Ball, location: 23F
1-2: DOUBLE (Line Drive, 8RXD, EV 98.1 MPH)
Batting: SHB Craig Boisselle 0-0: Ball
1-0: Swinging Strike
1-1: SINGLE (Line Drive, 8LS, EV 97.5 MPH)
Sam Graham to third
Batting: RHB Jackson Dziedzic 0-0: SINGLE (Flyball, 3D, EV 88.8 MPH)
Sam Graham scores
Craig Boisselle to second
Pinch Hitting: LHB Burton Van Skike 0-0: Ball
1-0: Ball
2-0: Foul Ball, location: 23FF
2-1: Fielders Choice at 2nd, 4-6 (Groundball, 4, EV 91.3 MPH)
Craig Boisselle to third
Pinch Hitting: LHB Royce González 0-0: Called Strike
0-1: SINGLE (Line Drive, 89M, EV 98.1 MPH)
Craig Boisselle scores
Burton Van Skike to second
Batting: SHB Patrick Alvarez 0-0: Ball
1-0: Ball
2-0: Ball
3-0: Called Strike
3-1: Called Strike
3-2: Foul Ball, location: 9LSF
3-2: Foul Ball, location: 25FF
3-2: Grounds into double play, 4-6-3 (Groundball, 4M, EV 86.9 MPH)
Top of the 8th over - 2 runs, 4 hits, 0 errors, 1 left on base; Las Vegas 4 - Kansas City 8
BOTTOM OF THE 8TH
Kansas City Royals batting - Pitching for Las Vegas Knights : LHP Elijah Leisch
Pitching: RHP Hunter Johnson
Now at 3B: Burton Van Skike
Now at SS: Asok Abhijata
Now in RF: Royce González
Batting: SHB Roberto Esquivel 0-0: Called Strike
0-1: Ball
1-1: Called Strike
1-2: Foul Ball, location: 5DF
1-2: Fly out, F7 (Flyball, 78S, EV 79.4 MPH)
Batting: LHB Britt Lane 0-0: Called Strike
0-1: Ball
1-1: Ball
2-1: DOUBLE (Line Drive, 7LD, EV 107.5 MPH)
Batting: RHB Braiden Bonner 0-0: Called Strike
0-1: Called Strike
0-2: Ball
1-2: Ball
2-2: Ball
3-2: Foul Ball, location: 2F
3-2: Base on Balls
Batting: LHB Rudy Phillips 0-0: Foul Ball, location: 2F
0-1: Ball
1-1: Ball
2-1: Foul Ball, location: 2F
2-2: Strikes out swinging
Batting: RHB Cooper Wright 0-0: Ball
1-0: Fielders Choice at 3rd, U5 (Groundball, 5L, EV 97.5 MPH)
Bottom of the 8th over - 0 runs, 1 hit, 0 errors, 1 left on base; Las Vegas 4 - Kansas City 8
TOP OF THE 9TH
Las Vegas Knights batting - Pitching for Kansas City Royals : RHP Tom Sulek
Pitching: RHP Emilio Huerta
Batting: RHB Asok Abhijata 0-0: Called Strike
0-1: Ball
1-1: Ball
2-1: Called Strike
2-2: Foul Ball, location: 23F
2-2: Foul Ball, location: 2F
2-2: Ball
3-2: Fly out, F7 (Line Drive, 78M, EV 90.0 MPH)
Batting: RHB Jonathan Madriz 0-0: Swinging Strike
0-1: Ball
1-1: Hit by Pitch
Batting: RHB Tyler Sexton 0-0: Ball
1-0: Called Strike
1-1: Ball
2-1: Foul Ball, location: 9LMF
2-2: Ball
3-2: Fielders Choice at 2nd, 1-4 (Groundball, 15S, EV 65.0 MPH)
Batting: RHB Sam Graham 0-0: Ball
1-0: Ball
2-0: Called Strike
2-1: Foul Ball, location: 9LMF
2-2: Strikes out swinging
Top of the 9th over - 0 runs, 0 hits, 0 errors, 1 left on base; Las Vegas 4 - Kansas City 8
Saturday, April 20th , 2024 - OOTP Baseball 24.11 Build 85